 Dungeon Sprint DCSS version 0.17-a0-1504-gb7d9117 (webtiles) character file.

5632 1100001001 the Grappler (level 10, -16/114 HPs)
             Began as a Troll Monk on July 8, 2015.
             Was the Champion of Qazlal.
             Demolished by a shadow (29 damage)
             ... summoned by a mummy priest
             ... in the Dungeon (Sprint V: "Ziggurat Sprint").
             The game lasted 00:06:02 (500 turns).

1100001001 the Grappler (Troll Monk)                 Turns: 500, Time: 00:06:02

Health: -16/114    AC: 23    Str: 29    XL:     10   Next: 46%
Magic:  9/9        EV: 13    Int:  6    God:    Qazlal [******]
Gold:   0          SH:  8    Dex: 17    Spells: 1 memorised, 8 levels left

rFire  + + +     SeeInvis .     l - +7 great mace "Firestarter" {inner flame, rF++}
rCold  + . .     Clarity  .     B - +5 gold dragon armour
rNeg   . . .     SustAt   .     (no shield)
rPois  +         Gourm    +     (helmet restricted)
rElec  .         Spirit   .     (no cloak)
rCorr  .         Warding  .     (gloves unavailable)
rMut   .         NoTele   +     (boots unavailable)
MR     .....                    (no amulet)
Stlth  ..........               (no ring)
                                (no ring)

@: mighty, agile, protected from physical damage, very slightly contaminated,
hasted, repel missiles, very quick, not resistant to hostile enchantments,
extremely unstealthy
A: unfitting armour, claws 3, fast metabolism 3, gourmand, regeneration 2,
shaggy fur 1, tough skin 2
a: Upheaval, Elemental Force, Disaster Area, Renounce Religion


You were in the Dungeon.
You worshipped Qazlal.
Qazlal was exalted by your worship.
You were very hungry.

You visited 1 branch


Innate Abilities, Weirdness & Mutations

You are too large for most types of armour.
You have claws for hands.
Your metabolism is lightning-fast.
You like to eat raw meat.
You heal very quickly.
You are covered in fur (AC +1).
You have very tough skin (AC +2).


   Skills:
 + Level 11.5 Fighting
 - Level 6.7 Maces & Flails
 + Level 11.5 Dodging
 - Level 4.8 Stealth
 + Level 13.7 Unarmed Combat


You had 8 spell levels left.
You knew the following spells:

 Your Spells              Type           Power        Failure   Level  Hunger
a - Summon Butterflies    Summ           #.......     100%        1    ##.....

Inventory:

Hand weapons
 l - the +7 great mace "Firestarter" (weapon) {inner flame, rF++}

   It has been specially enchanted to burn those struck by it, causing extra
   injury to most foes and up to half again as much damage against particularly
   susceptible opponents.
   It greatly protects you from fire.
Armour
 a - a +0 robe
 B - a +5 gold dragon armour (worn)
Magical devices
 x - a wand of disintegration (7)
 y - a wand of fire (5)
 z - a wand of cold (5)
 A - a wand of draining (5)
Scrolls
 h - 4 scrolls of blinking
 o - 4 scrolls of amnesia
 p - 3 scrolls of recharging
 q - 5 scrolls of fog
 r - a scroll of holy word
 s - 5 scrolls of identify {@r1}
 t - 5 scrolls of remove curse
 u - 2 scrolls of fear
Potions
 c - 10 potions of curing {@q1}
 d - 8 potions of heal wounds {@q2}
 e - 5 potions of haste {@q3}
 f - 7 potions of magic
 g - 3 potions of berserk rage {!q}
 i - 2 potions of brilliance
 j - 2 potions of invisibility
 k - 4 potions of resistance
 m - 4 potions of agility
 n - 4 potions of might
Books
 D - a book of Enchantments

   Spells                             Type                      Level
   a - Cause Fear                     Hexes                        4
   b - Silence                        Hexes/Air                    5
   c - Deflect Missiles               Charms/Air                   6
   d - Haste                          Charms                       6
   e - Discord                        Hexes                        8
 E - a book of Party Tricks

   Spells                             Type                      Level
   a - Summon Butterflies             Summoning                    1
   b - Apportation                    Translocation                1
   c - Tukima's Dance                 Hexes                        3
   d - Alistair's Intoxication        Transmutation/Poison         4
   e - Invisibility                   Hexes                        6
 F - a book of Conjurations

   Spells                             Type                      Level
   a - Magic Dart                     Conjuration                  1
   b - Searing Ray                    Conjuration                  2
   c - Dazzling Spray                 Conjuration/Hexes            3
   d - Fulminant Prism                Conjuration/Hexes            4
   e - Iskenderun's Mystic Blast      Conjuration                  4
   f - Iskenderun's Battlesphere      Conjuration/Charms           5
 G - a book of the Dragon

   Spells                             Type                      Level
   a - Flame Tongue                   Conjuration/Fire             1
   b - Cause Fear                     Hexes                        4
   c - Bolt of Fire                   Conjuration/Fire             6
   d - Dragon Form                    Transmutation                7
   e - Dragon's Call                  Summoning                    9
 H - a Necronomicon

   Spells                             Type                      Level
   a - Haunt                          Necromancy/Summoning         7
   b - Borgnjor's Revivification      Necromancy                   8
   c - Death's Door                   Charms/Necromancy            8
   d - Necromutation                  Transmutation/Necromancy     8
 I - the Reference Book on the Rocks and Transmigration

   Spells                             Type                      Level
   a - Sandblast                      Earth                        1
   b - Petrify                        Transmutation/Earth          4
   c - Hydra Form                     Transmutation                6
   d - Shatter                        Earth                        9
 J - a book of Transfigurations

   Spells                             Type                      Level
   a - Stoneskin                      Transmutation/Earth          2
   b - Irradiate                      Conjuration/Transmutation    5
   c - Statue Form                    Transmutation/Earth          6
   d - Hydra Form                     Transmutation                6
   e - Dragon Form                    Transmutation                7
 L - a book of Clouds

   Spells                             Type                      Level
   a - Mephitic Cloud                 Conjuration/Poison/Air       3
   b - Conjure Flame                  Conjuration/Fire             3
   c - Poisonous Cloud                Conjuration/Poison/Air       6
   d - Freezing Cloud                 Conjuration/Ice/Air          6
   e - Ring of Flames                 Charms/Fire                  7
Miscellaneous
 C - a phial of floods
 K - a disc of storms
 N - a stone of tremors
Comestibles
 b - 6 bread rations
 v - 4 meat rations
 w - 42 fruits

Dungeon Overview and Level Annotations

Branches:
Dungeon (1/1)

Altars:
Ashenzari
Cheibriados
Dithmenos
Elyvilon
Fedhas
Gozag
Kikubaaqudgha
Makhleb
Nemelex Xobeh
Okawaru
Qazlal
Ru
Sif Muna
Trog
Vehumet
Xom
Yredelemnul
Zin
The Shining One
Beogh
Jiyva
Lugonu

▓▓▓▓▓▓▓▓▓▓▓▓▓▓▓▓▓▓▓
▓...8©8...▓..8©8..▓
▓..[)):...▓..##.#.▓
▓...}:)...▓..###..▓
▓.........▓..###..▓
▓.........▓..#.#..▓
▓...#MH#..▓.......▓
▓..#MMH#..▓..))...▓
▓.▓#MTM#▓.▓.▓...▓.▓
▓..#####..▓.......▓
▓▓▓▓▓▓▓▓▓▓▓▓▓▓▓▓▓▓▓
▓..8©8..▓ ▓..[##..▓
▓..#[...▓ ▓..##...▓
▓......#▓ ▓.......▓


You could see 2 mummy priests, 2 anubis guards, 2 guardian mummies and a mummy.


Message History

The fiery explosion engulfs you! You resist.
* * * LOW HITPOINT WARNING * * *
The fiery explosion engulfs the guardian mummy.
The guardian mummy is heavily damaged.
The fiery explosion engulfs the mummy priest.
The mummy priest is severely damaged.
The shadow slips into darkness.
The shadow flickers and vanishes!
Deactivating autopickup; reactivate with Ctrl-A.
You block the mummy priest's attack. The anubis guard barely misses you.
The anubis guard bites you but does no damage.
The anubis guard hits you but does no damage.
Unknown command.
You closely miss the mummy priest.
The mummy priest is severely damaged.
You are feeling very hungry.
You block the guardian mummy's attack. The guardian mummy misses you.
The mummy priest misses you.
The mummy priest hits you but does no damage.
The anubis guard hits you from afar with a +3 spear of piercing!
* * * LOW HITPOINT WARNING * * *
x2 The anubis guard hits you but does no damage.
The anubis guard bites you.
* * * LOW HITPOINT WARNING * * *
Unknown command.
You thump the mummy priest! You burn the mummy priest.
The mummy priest is filled with an inner flame.
The mummy priest is almost destroyed.
The shadow strikes at you from the darkness!
You die...

Action                   |  1- 3 |  4- 6 |  7- 9 | 10-12 || total
-------------------------+-------+-------+-------+-------++-------
Melee: Great mace        |     4 |       |    55 |     8 ||    67
  Use: Potion            |     1 |       |       |     5 ||     6
       Scroll            |       |       |     1 |     1 ||     2
  Eat: Chunk             |       |       |       |     1 ||     1

Vault maps used:
D:        sprint_v

Notes
Turn   | Place    | Note
--------------------------------------------------------------
     0 | D        | 1100001001 the Troll Monk began the quest for the Orb.
     0 | D        | Reached XP level 1. HP: 22/22 MP: 0/0
     0 | D        | Found a roughly hewn altar of Beogh.
     0 | D        | Found a viscous altar of Jiyva.
     0 | D        | Found a corrupted altar of Lugonu.
     0 | D        | Found a white marble altar of Elyvilon.
     0 | D        | Found a sparkling altar of Nemelex Xobeh.
     1 | D        | Found a burning altar of Makhleb.
     1 | D        | Found an iron altar of Okawaru.
     1 | D        | Found a deep blue altar of Sif Muna.
     1 | D        | Found a radiant altar of Vehumet.
     1 | D        | Found a bloodstained altar of Trog.
     1 | D        | Found a shimmering altar of Xom.
    38 | D        | Identified a +5 gold dragon armour (You found it in the Dungeon)
    44 | D        | Became a worshipper of Qazlal Stormbringer
    44 | D        | Acquired Qazlal's first power
    44 | D        | Acquired Qazlal's second power
    54 | D        | Reached skill level 6 in Maces & Flails
    54 | D        | Reached XP level 2. HP: 29/29 MP: 1/1
    67 | D        | Entered arena 1.
    67 | D        | Noticed a hell hound
    67 | D        | Noticed a hell hog
    71 | D        | Killed a hell hog
    71 | D        | Reached skill level 6 in Fighting
    71 | D        | Reached skill level 6 in Dodging
    71 | D        | Reached skill level 4 in Stealth
    71 | D        | Reached skill level 8 in Unarmed Combat
    71 | D        | Reached XP level 3. HP: 34/44 MP: 2/2
    71 | D        | Reached XP level 4. HP: 40/52 MP: 3/3
    71 | D        | Reached XP level 5. HP: 45/59 MP: 4/4
    71 | D        | Reached XP level 6. HP: 51/67 MP: 5/5
    71 | D        | Reached XP level 7. HP: 57/75 MP: 6/6
    74 | D        | Killed a hell hound
   118 | D        | Entered arena 2.
   118 | D        | Noticed a necrophage
   118 | D        | Noticed a necrophage
   121 | D        | Killed a necrophage
   121 | D        | Acquired Qazlal's third power
   124 | D        | Killed a necrophage
   124 | D        | Reached skill level 7 in Fighting
   124 | D        | Reached skill level 7 in Dodging
   141 | D        | Learned a level 1 spell: Summon Butterflies
   141 | D        | Entered arena 3.
   141 | D        | Noticed a tentacled starspawn
   141 | D        | Noticed a quasit
   145 | D        | Killed a quasit
   145 | D        | Reached skill level 9 in Unarmed Combat
   150 | D        | Killed a tentacled starspawn
   150 | D        | Reached skill level 9 in Fighting
   150 | D        | Reached skill level 9 in Dodging
   150 | D        | Reached skill level 11 in Unarmed Combat
   150 | D        | Reached XP level 8. HP: 37/92 MP: 7/7
   150 | D        | Reached XP level 9. HP: 40/100 MP: 8/8
   153 | D        | Acquired Qazlal's fourth power
   282 | D        | Identified the Reference Book on the Rocks and Transmigration (You found it in the Dungeon)
   284 | D        | Entered arena 4.
   284 | D        | Noticed an eye of draining
   284 | D        | Noticed a jelly
   286 | D        | Killed a jelly
   292 | D        | Killed an eye of draining
   292 | D        | Paralysed by a giant eyeball for 2 turns
   294 | D        | Acquired Qazlal's fifth power
   301 | D        | Entered arena 5.
   301 | D        | Noticed an orc priest
   301 | D        | Noticed an orc priest
   301 | D        | Noticed an orc wizard
   301 | D        | Noticed an orc wizard
   310 | D        | Killed an orc priest
   310 | D        | Killed an orc priest
   314 | D        | Killed an orc wizard
   317 | D        | Killed an orc wizard
   324 | D        | Entered arena 6.
   324 | D        | Noticed a wight
   324 | D        | Noticed a phantom
   324 | D        | Noticed a wight
   324 | D        | Noticed a necrophage
   329 | D        | Killed a necrophage
   329 | D        | Killed a wight
   329 | D        | Reached skill level 10 in Fighting
   329 | D        | Reached skill level 12 in Unarmed Combat
   329 | D        | Reached skill level 10 in Dodging
   329 | D        | Killed a wight
   340 | D        | Killed a phantom
   345 | D        | Entered arena 7.
   345 | D        | Noticed a slime creature
   345 | D        | Noticed a vault sentinel
   345 | D        | Noticed a vault guard
   345 | D        | Noticed an ogre mage
   345 | D        | Noticed a vault sentinel
   345 | D        | Noticed a griffon
   349 | D        | Killed an ogre mage
   349 | D        | Killed a slime creature
   355 | D        | Killed a griffon
   355 | D        | Killed a vault sentinel
   355 | D        | Reached XP level 10. HP: 33/110 MP: 9/9
   355 | D        | Reached skill level 11 in Fighting
   355 | D        | Reached skill level 11 in Dodging
   355 | D        | Reached skill level 13 in Unarmed Combat
   359 | D        | Killed a vault guard
   359 | D        | Killed a vault sentinel
   488 | D        | Entered arena 8.
   488 | D        | Noticed a guardian mummy
   488 | D        | Noticed an anubis guard
   488 | D        | Noticed a mummy priest
   488 | D        | Noticed a guardian mummy
   488 | D        | Noticed a mummy priest
   488 | D        | Noticed an anubis guard
   496 | D        | Noticed a jiangshi
   498 | D        | Killed a jiangshi
   500 | D        | Demolished by a shadow

Vanquished Creatures
  A tentacled starspawn (D)
  A vault guard (D)
  An ogre mage (D)
  A hell hog (D)
  A griffon (D)
  2 vault sentinels (D)
  A slime creature (D)
  A phantom (D)
  A hell hound (D)
  An eye of draining (D)
  3 necrophages (D)
  2 wights (D)
  A quasit (D)
  A jelly (D)
  2 orc priests (D)
  2 orc wizards (D)
  A shadow imp (D)
  A giant eyeball (D)
  An ufetubus (D)
  An adder zombie (D)
  An ooze (D)
  An orc (D)
  2 bat zombies (D)
30 creatures vanquished.

Vanquished Creatures (others)
  2 starspawn tentacles (D)
  32 starspawn tentacle segments (D)
34 creatures vanquished.

Grand Total: 64 creatures vanquished
